 Dungeon Crawl Stone Soup version 0.31-a0-636-ge1c0e020e0 (webtiles) character file.

Game seed: 6860987391661977791

94 Descartes the Changeling (level 4, -3/19 HPs)
             Began as a Felid Shapeshifter on Aug 26, 2023.
             Slain by a sleepcap (21 damage)
             ... on level 4 of the Dungeon.
             The game lasted 00:02:34 (2633 turns).

Descartes the Changeling (Felid Shapeshifter)       Turns: 2633, Time: 00:02:35

Health: -3/19      AC:  1    Str: 12    XL:     4   Next: 38%
Magic:  5/5        EV:  4    Int: 11    God:
Gold:   237        SH:  0    Dex: 15    Spells: 3/3 levels left
                                        Lives:  0   Deaths: 2

rFire   . .          .
                       - Unarmed
rCold   . . .        (shield unavailable)
rNeg    . . .        (body armour unavailable)
rPois   .            (helmet unavailable)
rElec   .            (cloak unavailable)
rCorr   .            (gloves unavailable)
SInv    +            (boots unavailable)
Will    .....        f - amulet of magic regeneration
Stlth   +            n - ring of flight
HPRegen 0.23/turn    (no ring)
MPRegen 0.49/turn

%: no passive effects
@: beast-form, sleeping, flying, quick
A: beast (slay +2), very small, claws 1, fangs 3, see invisible, speed 1, shaggy
fur 1, stealthy paws, no weapons or thrown items, no armour, multi-lived
a: Begin Untransformation


You were on level 4 of the Dungeon.
You were a hulking beast.
You visited 1 branch of the dungeon, and saw 4 of its levels.

You collected 237 gold pieces.

Inventory:

Jewellery
 f - an amulet of magic regeneration (around neck)
 n - a ring of flight (left paw)
Talismans
 b - a beast talisman (active)
 c - a flux talisman
Scrolls
 d - 3 scrolls of fear {unknown}
 e - 2 scrolls of blinking {unknown}
 g - 4 scrolls of teleportation {unknown}
 i - 2 scrolls of revelation {unknown}
 k - a scroll of poison {unknown}
 l - 3 scrolls of identify {unknown}
 m - a scroll of immolation {unknown}
 o - a scroll of torment {unknown}
 q - a scroll of amnesia {unknown}
 r - a scroll of enchant weapon {unknown}
Potions
 a - 3 potions of lignification
 h - a potion of cancellation {unknown}
 j - 2 potions of brilliance {unknown}
 p - 2 potions of attraction {unknown}
 s - a potion of resistance {unknown}
 t - a potion of invisibility {unknown}


   Skills:
 + Level 2.0 Fighting
 + Level 3.7 Dodging
 + Level 3.5 Unarmed Combat
 * Level 4.2 Shapeshifting


You had 3 spell levels left.
You didn't know any spells.
Your spell library contained the following spells:

 Spells                   Type           Power      Damage    Failure   Level
 Sublimation of Blood     Necr           0%         N/A       47%         2
 Wereblood                Tmut           0%         N/A       47%         2
 Simulacrum               Ice/Necr       0%         N/A       100%        6
 Ozocubu's Refrigeration  Ice            0%         4d7       100%        7
 Summon Hydra             Summ           0%         N/A       100%        7
 Polar Vortex             Ice            0%         N/A       100%        9


Dungeon Overview and Level Annotations

Branches:
Dungeon (4/15)
 Temple: D:4-7

Altars:
Makhleb


Innate Abilities, Weirdness & Mutations

You are a hulking beast.
Your limbs bulge with bestial killing power. (Slay +2)
You have sharp claws.
You have razor-sharp teeth.
You have supernaturally acute eyesight. (SInv)
You cover ground quickly. (Speed+)
You are covered in fur. (AC +1)
Your paws help you pounce on unaware monsters.
You are incapable of wielding weapons or throwing items.
You cannot wear armour.
You gain extra lives every three experience levels.


Message History

No target in view!
No target in view!
No target in view!
No target in view!
No target in view!
Things that are here:
a +0 dagger; 8 stones; a kobold corpse
Found a stone staircase leading up.
A quokka comes into view.
A quokka is nearby!
You scratch the quokka but do no damage.
The quokka closely misses you.
You miss the quokka. The quokka bites you.
You scratch the quokka.
The quokka is almost dead.
The quokka closely misses you.
You claw the quokka!
You kill the quokka!
No target in view!
You see here a quokka corpse.
t - a purple potion A sleepcap comes into view.
You scratch the sleepcap but do no damage.
The sleepcap misses you.
You scratch the sleepcap but do no damage.
You bite the sleepcap.
The sleepcap is lightly damaged.
The sleepcap misses you.
You claw the sleepcap!
The sleepcap is moderately damaged.
The sleepcap completely misses you.
You scratch the sleepcap.
You bite the sleepcap, but do no damage.
The sleepcap is heavily damaged.
The sleepcap releases spores at you.
You are engulfed in a cloud of soporific spores!
You fall asleep.
The sleepcap releases spores at you!!
Ouch! That really hurt!
You die...

####..######...###.#.#.#.#####...
......# #...........#....##...
.###### #...#########.##.##.## #
#...# #.##.##.# #...#####
#.......# ##.##... ####.#####
#.##.##### #...... #........#
####### ####h##.... #f# . ...
..... ..##### #.# #. #


You could see a sleepcap.

Vanquished Creatures
  3 adders
  A worm (D:2)
  3 dart slugs
  4 orcs (D:3)
  3 endoplasms
  A giant cockroach (D:4)
  3 goblins
  8 hobgoblins
  4 jackals (D:3)
  4 quokkas
  7 ball pythons
  2 bats
  A frilled lizard (D:3)
  3 kobolds
  2 rats (D:1)
49 creatures vanquished.

Notes
Turn   | Place    | Note
-------+----------+-------------------------------------------
     0 | D:1      | Descartes the Felid Shapeshifter began the quest for the
                  | Orb.
     0 | D:1      | Reached XP level 1. HP: 9/9 MP: 2/2
   165 | D:1      | Reached XP level 2. HP: 6/12 MP: 3/3
   247 | D:1      | You fall into a shaft and drop 1 floor!
   437 | D:2      | Reached XP level 3. HP: 8/15 MP: 4/4
  1157 | D:2      | Found a burning altar of Makhleb.
  1395 | D:3      | Slain by a jackal
  1412 | D:3      | Reached skill level 4 in Shapeshifting
  1597 | D:3      | Found a faded altar of an unknown god.
  1680 | D:3      | Reached XP level 4. HP: 15/19 MP: 5/5
  1729 | D:3      | Mangled by an orc
  2633 | D:4      | Slain by a sleepcap

Illustrated notes

Levels and vault maps discovered:
D:1:      psy_arrival_statuary, layout_loops_ring
D:2:      layout_basic, basic_altar
D:3:      layout_basic, hellmonk_ecumenical_altar_pennies_from_heaven,
          kennysheep_path_1
D:4:      layout_loops_cross, lemuel_temple_firewalk_b

Skill      XL: |  1  2  3  4 |
---------------+-------------+-----
Dodging        | 3 |  3.7
Shapeshifting  | 4 |  4.2
Fighting       | 2 |  2.0
Unarmed Combat | |  3.5

Action                     |  1- 3 |  4- 6 || total
---------------------------+-------+-------++-------
  Melee: Unarmed           |    84 |    45 ||   129
         Bite              |     8 |     4 ||    12
         Punch             |     1 |     2 ||     3
   Stab: Sleeping          |     5 |       ||     5
 Armour: Skin              |     7 |     1 ||     8
  Dodge: Dodged            |    51 |    29 ||    80

Table legend: (Time is in decaauts)
 A = Elapsed time spent in this place.
 B = Non-inter-level travel time spent in this place.
 C = Inter-level travel time spent in this place.
 D = Time resting spent in this place.
 E = Time spent auto-exploring this place.
 F = Levels seen in this place.
 G = Mean time per level.
                   A        B        C        D        E       F      G
               +--------+--------+--------+--------+--------+-----+--------+
         Total |   2198 |   2161 |     37 |      0 |   1838 |   4 |  549.5 |
       Dungeon |   2198 |   2161 |     37 |      0 |   1838 |   4 |  549.5 |
               +--------+--------+--------+--------+--------+-----+--------+

Top non-repeatable levels by time:
     D:3: 620 daAuts
     D:1: 589 daAuts
     D:2: 559 daAuts
     D:4: 429 daAuts
